 Dungeon Sprint DCSS version 0.23.2-1-ga50397a6bc (webtiles) character file.

Game seed: 18119052551290873337

1222 Kobolds4U the Fencer (level 8, -2/83 HPs)
             Began as a Minotaur Fighter on May 31, 2019.
             Was a Follower of Okawaru.
             Slain by a demonic crawler (6 damage)
             ... in the Dungeon (Sprint I: "Red Sonja").
             The game lasted 00:02:36 (959 turns).

Kobolds4U the Fencer (Minotaur Fighter)              Turns: 959, Time: 00:02:37

Health: -2/83      AC:  8    Str: 21    XL:     8   Next: 23%
Magic:  6/7        EV:  7    Int:  5    God:    Okawaru [*.....]
Gold:   425        SH:  9    Dex: 12    Spells: 7/7 levels left

rFire    . . .     SeeInvis .   a - +0 long sword
rCold    . . .     Gourm    .   c - +0 shield
rNeg     . . .     Faith    .   b - +0 scale mail
rPois    .         Spirit   .   (helmet restricted)
rElec    .         Reflect  .   (no cloak)
rCorr    .         Harm     .   (no gloves)
MR       .....     NoTele   +   (no boots)
Stlth    ..........             (no amulet)
HPRegen  0.23/turn              (no ring)
MPRegen  0.10/turn              (no ring)

@: no status effects
A: retaliatory headbutt, horns 2
a: Heroism, Renounce Religion


You were in the Dungeon.
You worshipped Okawaru.
Okawaru was aware of your devotion.
You were not hungry.

You visited 1 branch You collected 425 gold pieces.

Inventory:

Hand Weapons
 a - a +0 long sword (weapon)
Armour
 b - a +0 scale mail (worn)
 c - a +0 shield (worn)
Wands
 l - a wand of random effects (19)
Scrolls
 k - a scroll of blinking
Potions
 d - a potion of might
 e - a potion of curing
 h - a potion of haste
 i - 2 potions of magic
Comestibles
 f - a ration


   Skills:
 - Level 11.7 Fighting
 - Level 15.2 Long Blades
 - Level 10.1 Armour
 - Level 3.6 Shields
 * Level 0.0 Invocations


You had 7 spell levels left.
You didn't know any spells.
Your spell library was empty.

Dungeon Overview and Level Annotations

Branches:
Dungeon (1/1)

Altars:
Cheibriados
Dithmenos
Elyvilon
Fedhas
Gozag
Hepliaklqana
Kikubaaqudgha
Makhleb
Nemelex Xobeh
Okawaru
Qazlal
Ru
Sif Muna
Trog
Uskayaw
Vehumet
Wu Jian
Xom
Yredelemnul
Zin
The Shining One
Jiyva
Lugonu

Shops:
D (


Innate Abilities, Weirdness & Mutations

You reflexively headbutt those who attack you in melee.
You have a pair of horns on your head.


Message History

The demonic crawler hits you.
* * * LOW HITPOINT WARNING * * *
The demonic crawler hits you but does no damage.
You block the demonic crawler's attack. The demonic crawler hits you.
* * * LOW HITPOINT WARNING * * *
The demonic crawler misses you. The demonic crawler closely misses you.
You block the demonic crawler's attack. The demonic crawler closely misses you.
The demonic crawler barely misses you.
You feel like a meek peon again.
There is an open door here.
The demonic crawler hits you.
* * * LOW HITPOINT WARNING * * *
The demonic crawler hits you!
* * * LOW HITPOINT WARNING * * *
The demonic crawler hits you but does no damage.
There is an open door here.
There is an open door here.
You block the demonic crawler's attack. The demonic crawler barely misses you.
The demonic crawler hits you.
You die...

##########################
#<.#..)..#..'..#__#..')..#
#..'[.#..').#..s..s..#)..##+#
#..#####'#####s#__####...'..#
#..####..#...#@#### #####..+
#..#__####..##.# ##
#..#_____##'#_.+
#⌠⌠#_.∩...'..._#
####_..__##_.#'#
#_____###+#.# ####### ###


You could see 2 demonic crawlers.

Vanquished Creatures
  2 kobold demonologists (D)
  A slime creature (D)
  Sigmund (D)
  A yak (D)
  A floating eye (D)
  An ogre (D)
  A jelly (D)
  Ijyb (D)
9 creatures vanquished.

Notes
Turn   | Place    | Note
-------+----------+-------------------------------------------
     0 | D        | Kobolds4U the Minotaur Fighter began the quest for the Orb.
     0 | D        | Reached XP level 1. HP: 19/19 MP: 0/0
     1 | D        | Noticed Ijyb
    22 | D        | Killed Ijyb
    22 | D        | Reached skill level 5 in Fighting
    22 | D        | Reached skill level 6 in Long Blades
    22 | D        | Reached XP level 2. HP: 20/29 MP: 1/1
   115 | D        | Noticed an ogre
   118 | D        | Killed an ogre
   118 | D        | Reached skill level 9 in Long Blades
   118 | D        | Reached XP level 3. HP: 39/39 MP: 2/2
   118 | D        | Reached XP level 4. HP: 47/47 MP: 3/3
   167 | D        | Noticed Sigmund
   179 | D        | Killed Sigmund
   179 | D        | Reached skill level 11 in Long Blades
   179 | D        | Reached XP level 5. HP: 48/56 MP: 4/4
   179 | D        | Reached XP level 6. HP: 54/62 MP: 5/5
   192 | D        | Found a deep blue altar of Sif Muna.
   193 | D        | Found an ornate altar of the Wu Jian Council.
   196 | D        | Found a radiant altar of Vehumet.
   281 | D        | Found Zaraus's Weapon Emporium.
   281 | D        | Found an ancient bone altar of Kikubaaqudgha.
   281 | D        | Found a hazy altar of Hepliaklqana.
   281 | D        | Found a stormy altar of Qazlal.
   281 | D        | Found a hide-covered altar of Uskayaw.
   281 | D        | Found a blossoming altar of Fedhas.
   281 | D        | Found a bloodstained altar of Trog.
   281 | D        | Found an iron altar of Okawaru.
   281 | D        | Found a basalt altar of Yredelemnul.
   281 | D        | Found a glowing golden altar of the Shining One.
   281 | D        | Found a snail-covered altar of Cheibriados.
   281 | D        | Found a sacrificial altar of Ru.
   281 | D        | Found a glowing silver altar of Zin.
   281 | D        | Found a shadowy altar of Dithmenos.
   281 | D        | Found a white marble altar of Elyvilon.
   281 | D        | Noticed a yak
   290 | D        | Killed a yak
   290 | D        | Reached skill level 12 in Long Blades
   291 | D        | Found an opulent altar of Gozag.
   292 | D        | Found a sparkling altar of Nemelex Xobeh.
   366 | D        | Became a worshipper of Warmaster Okawaru
   378 | D        | Found a viscous altar of Jiyva.
   378 | D        | Found a corrupted altar of Lugonu.
   378 | D        | Noticed a slime creature
   379 | D        | Found a burning altar of Makhleb.
   379 | D        | Found a shimmering altar of Xom.
   407 | D        | Killed a slime creature
   407 | D        | Reached skill level 10 in Fighting
   407 | D        | Reached skill level 13 in Long Blades
   407 | D        | Reached XP level 7. HP: 28/73 MP: 6/6
   634 | D        | Noticed a kobold demonologist
   634 | D        | Noticed a kobold demonologist
   637 | D        | Reached skill level 14 in Long Blades
   643 | D        | Killed a kobold demonologist
   643 | D        | Reached * piety under Okawaru
   648 | D        | Noticed a sixfirhy
   654 | D        | Killed a kobold demonologist
   654 | D        | Reached skill level 15 in Long Blades
   654 | D        | Reached skill level 10 in Armour
   654 | D        | Reached XP level 8. HP: 18/83 MP: 7/7
   939 | D        | Noticed a demonic crawler
   939 | D        | Noticed a demonic crawler
   939 | D        | Noticed a demonic crawler
   939 | D        | Noticed a demonic crawler
   956 | D        | HP: 4/83 [demonic crawler (9)]
   959 | D        | Slain by a demonic crawler

Skill      XL: |  1  2  3  4  5  6  7 |
---------------+----------------------+-----
Fighting       | 5 7 8 10 11 | 11.7
Long Blades    | 6 9 11 13 15 | 15.2
Armour         | 6 8 10 | 10.1
Shields        | |  3.6

Action                   |  1- 3 |  4- 6 |  7- 9 || total
-------------------------+-------+-------+-------++-------
Melee: Long sword        |    22 |    36 |    27 ||    85
       Headbutt          |     2 |     6 |     9 ||    17
Invok: Heroism           |       |       |     1 ||     1
  Use: Potion            |     1 |     2 |       ||     3
Armor: Scale mail        |    10 |     4 |    18 ||    32
Dodge: Dodged            |     2 |     4 |    25 ||    31
Block: Shield            |    12 |    11 |    25 ||    48
       Rpst.: Long sword |       |     1 |     2 ||     3
